 Dungeon Crawl Stone Soup version 0.29-a0-830-gcb1280458a (webtiles) character file.

Game seed: 18163478629911839002

240 Locuples the Sneak (level 5, -4/38 HPs)
             Began as a Demonspawn Brigand on July 12, 2022.
             Slain by an ice beast (6 damage)
             ... on level 4 of the Dungeon.
             The game lasted 00:08:26 (3261 turns).

Locuples the Sneak (Demonspawn Brigand)             Turns: 3261, Time: 00:08:26

Health: -4/38      AC:  5    Str: 15 (17) XL:     5   Next: 79%
Magic:  4/4        EV: 12    Int: 12 (13) God:
Gold:   130        SH:  4    Dex: 19 (22) Spells: 4/4 levels left

rFire   + . .      SeeInvis .   a - +2 dagger
rCold   + . .      Faith    .   (no shield)
rNeg    . . .      Spirit   .   b - +0 robe
rPois   +          Reflect  .   (helmet restricted)
rElec   +          Harm     .   c - +0 cloak
rCorr   +          Rampage  .   t - +0 pair of gloves
Will    .....                   n - +0 pair of boots
Stlth   ++++......              q - amulet of the acrobat
HPRegen 0.12/turn               f - +6 ring of dexterity
MPRegen 0.09/turn               p - +6 ring of strength

@: resistant
A: horns 1, spiny 1, condensation shield, hooves 1, low MP 1
a: no special abilities


You were on level 4 of the Dungeon.
You visited 1 branch of the dungeon, and saw 4 of its levels.

You collected 179 gold pieces.
You spent 49 gold pieces at shops.

Inventory:

Hand Weapons
 a - a +2 dagger (weapon)
Missiles
 d - 9 poisoned darts (quivered)
 e - 3 curare-tipped darts
 s - a throwing net
Armour
 b - a +0 robe (worn)
 c - a +0 cloak (worn)
 n - a +0 pair of boots (worn)
 t - a +0 pair of gloves (worn)
Jewellery
 f - a +6 ring of dexterity (left hand)
 p - a +6 ring of strength (right hand)
 q - an amulet of the acrobat (around neck)
Scrolls
 h - a scroll of immolation {unknown}
 k - 3 scrolls of identify {unknown}
 l - a scroll of silence {unknown}
 r - a scroll of poison {unknown}
 u - 2 scrolls of teleportation {unknown}
 v - a scroll of fear {unknown}
 x - a scroll of blinking {unknown}
 y - a scroll of torment {unknown}
Potions
 g - a potion of might {unknown}
 i - a potion of degeneration
 j - a potion of resistance
 m - 2 potions of curing {unknown}
 o - a potion of haste {unknown}
 w - a potion of mutation


   Skills:
 + Level 2.2 Fighting
 + Level 2.5 Short Blades
 - Level 1.7 Throwing
 + Level 1.3 Dodging
 * Level 6.3 Stealth


You had 4 spell levels left.
You didn't know any spells.
Your spell library contained the following spells:

 Spells                   Type           Power      Damage    Failure   Level
 Magic Dart               Conj           0%         1d3       32%         1
 Sting                    Tmut/Pois      0%         1d3       32%         1
 Call Imp                 Summ           0%         N/A       45%         2
 Ensorcelled Hibernation  Hex/Ice        0%         N/A       45%         2
 Passwall                 Tmut/Erth      0%         N/A       45%         2
 Poisonous Vapours        Pois/Air       0%         N/A       45%         2
 Mephitic Cloud           Conj/Pois/Air  0%         N/A       69%         3
 Swiftness                Air            0%         N/A       69%         3
 Animate Dead             Necr           0%         N/A       97%         4
 Olgreb's Toxic Radiance  Pois           0%         N/A       97%         4
 Haunt                    Necr/Summ      0%         N/A       100%        7
 Infestation              Necr           0%         N/A       100%        8


Dungeon Overview and Level Annotations

Branches:
Dungeon (4/15)
 Temple: D:4-7

Altars:
Gozag
Trog

Shops:
D:2 [!


Innate Abilities, Weirdness & Mutations

You have a pair of small horns on your head.
You are partially covered in sharp spines.
A meltable shield of frost defends you. (SH +4)
You have large cloven feet.
Your magical capacity is low. (-10% MP)


Message History

* * * LOW HITPOINT WARNING * * *
The phantom is struck by your spines. The phantom barely misses you.
The phantom hits you but does no damage.
You closely miss the ice beast.
The ice beast is severely wounded.
The ice beast completely misses you. The phantom hits you.
* * * LOW HITPOINT WARNING * * *
The phantom blinks!
You blink.
Found 10 gold pieces.
You miss the phantom. You headbutt the phantom.
The phantom is moderately damaged.
You closely miss the phantom.
The phantom is moderately damaged.
The phantom closely misses you.
You puncture the phantom! You headbutt the phantom.
The phantom is almost destroyed.
The phantom is struck by your spines.
You destroy the phantom!
Your Stealth skill increases to level 6!
It was a potion of degeneration.
There was something very wrong with that liquid.
You feel weakened.
You feel dopey.
You feel clumsy.
It was a potion of resistance.
You feel protected.
It was a potion of mutation.
You feel extremely strange.
You feel less energetic.
Your feet thicken and deform.
You hit the ice beast but do no damage.
The ice beast is severely wounded.
The ice beast hits you.
* * * LOW HITPOINT WARNING * * *
The ice beast freezes you. You resist.
* * * LOW HITPOINT WARNING * * *
You hit the ice beast.
The ice beast is severely wounded.
The ice beast is struck by your spines. The ice beast closely misses you.
You barely miss the ice beast. Your headbutt misses the ice beast.
The ice beast is almost dead.
The ice beast hits you.
* * * LOW HITPOINT WARNING * * *
The ice beast freezes you. You resist.
You die...

.....##..###
.##......#
.###.##..# .#
#.##).# .#
#..!.... ..
......### ##
#####.# ..
#.#############
..
#.......Y@....#
..
#..##########.#
.. #...# ..
#.$... ..
......## ..
#####.## ## #.#
#.#


You could see an ice beast.

Vanquished Creatures
  A phantom (D:4)
  2 orc wizards
  2 adders (D:3)
  3 gnolls (D:3)
  A worm (D:2)
  2 dart slugs (D:3)
  4 ball pythons
  7 bats
  7 endoplasms
  9 giant cockroaches
  2 goblins
  5 hobgoblins
  3 quokkas
  2 frilled lizards (D:2)
  5 kobolds
  6 rats
  A bush (D:1)
62 creatures vanquished.

Vanquished Creatures (others)
  12 plants (D:4)
12 creatures vanquished.

Grand Total: 74 creatures vanquished

Notes
Turn   | Place    | Note
-------+----------+-------------------------------------------
     0 | D:1      | Locuples the Demonspawn Brigand began the quest for the
                  | Orb.
     0 | D:1      | Reached XP level 1. HP: 16/16 MP: 1/1
   108 | D:1      | Reached skill level 4 in Stealth
   342 | D:1      | Gained mutation: You are partially covered in sharp spines.
                  | [demonic ancestry]
   342 | D:1      | Reached XP level 2. HP: 22/22 MP: 2/2
   971 | D:1      | Found a faded altar of an unknown god.
  1545 | D:2      | Found Piusme's Armour Shoppe.
  1552 | D:2      | Reached XP level 3. HP: 27/27 MP: 3/3
  1571 | D:2      | Bought a +0 pair of boots for 49 gold pieces
  1582 | D:2      | Found Ijim Aku's Distillery.
  2137 | D:3      | Found a bloodstained altar of Trog.
  2153 | D:3      | Reached skill level 5 in Stealth
  2318 | D:3      | Reached skill level 1 in Dodging
  2336 | D:3      | Gained mutation: A meltable shield of frost defends you.
                  | (SH +4) [demonic ancestry]
  2336 | D:3      | Reached XP level 4. HP: 33/33 MP: 4/4
  2353 | D:3      | Found an opulent altar of Gozag.
  2957 | D:4      | Gained mutation: You have a pair of small horns on your
                  | head. [demonic ancestry]
  2957 | D:4      | Reached XP level 5. HP: 38/38 MP: 5/5
  3222 | D:4      | Noticed an ice beast
  3234 | D:4      | Noticed a phantom
  3247 | D:4      | Killed a phantom
  3248 | D:4      | Reached skill level 6 in Stealth
  3257 | D:4      | Gained mutation: Your magical capacity is low. (-10% MP)
                  | [potion of mutation]
  3257 | D:4      | Gained mutation: You have large cloven feet. [potion of
                  | mutation]
  3261 | D:4      | Slain by an ice beast

Illustrated notes

Levels and vault maps discovered:
D:1:      minmay_arrival_nine_rooms, layout_rooms,
          chequers_ecumenical_altar_grove, serial_forest,
          infiniplex_forest_end_2, infiniplex_forest_end_double,
          infiniplex_forest_straight_3, infiniplex_forest_lined_1,
          infiniplex_forest_lined_1, infiniplex_forest_clump_long,
          infiniplex_forest_end_3, infiniplex_forest_corner_2,
          infiniplex_forest_lined_corner, infiniplex_forest_end_1
D:2:      layout_basic, serial_shops, shop, nicolae_shop_behind_doors,
          minmay_misc_feat_four_crosses
D:3:      layout_loops_ring, amcnicky_altar_gilded, nicolae_gozag_seed_capital
D:4:      minmay_chambers_of_threes, layout_loops_corners, jmf_multi_god_temple,
          minmay_temple_entry_oklob, ebering_ghost_disaster_area

Skill      XL: |  1  2  3  4  5 |
---------------+----------------+-----
Stealth        | 4 5 6 |  6.3
Dodging        | 1 |  1.3
Short Blades   | 2 |  2.5
Fighting       | |  2.2
Throwing       | |  1.7

Action                   |  1- 3 |  4- 6 || total
-------------------------+-------+-------++-------
Melee: Dagger            |   394 |    47 ||   441
       Punch             |     4 |       ||     4
       Headbutt          |       |     5 ||     5
  Use: Potion            |       |     3 ||     3
 Stab: Sleeping          |    13 |     8 ||    21
       Distracted        |     1 |     1 ||     2
Armor: Robe              |    29 |     4 ||    33
Dodge: Dodged            |    47 |    20 ||    67
Block: Other             |       |     5 ||     5

Table legend: (Time is in decaauts)
 A = Elapsed time spent in this place.
 B = Non-inter-level travel time spent in this place.
 C = Inter-level travel time spent in this place.
 D = Time resting spent in this place.
 E = Time spent auto-exploring this place.
 F = Levels seen in this place.
 G = Mean time per level.
                   A        B        C        D        E       F      G
               +--------+--------+--------+--------+--------+-----+--------+
         Total |   3221 |   3221 |      0 |    467 |   1681 |   4 |  805.2 |
       Dungeon |   3221 |   3221 |      0 |    467 |   1681 |   4 |  805.2 |
               +--------+--------+--------+--------+--------+-----+--------+

Top non-repeatable levels by time:
     D:1: 1458 daAuts
     D:3: 1098 daAuts
     D:2: 593 daAuts
     D:4: 71 daAuts
